 Dungeon Crawl Stone Soup version 0.20.1 (webtiles) character file.

78 VajrapaniSR the Ruffian (level 4, -1/44 HPs)
             Began as a Troll Monk on July 2, 2017.
             Slain by Sigmund
             ... wielding a +0 scythe
              (3 damage)
             ... on level 3 of the Dungeon.
             The game lasted 00:01:53 (272 turns).

VajrapaniSR the Ruffian (Troll Monk)                 Turns: 272, Time: 00:01:53

Health: -1/44      AC:  5    Str: 19    XL:     4   Next: 15%
Magic:  3/3        EV: 10    Int:  6    God:
Gold:   11         SH:  0    Dex: 11    Spells: 3/3 levels left

rFire    . . .     SeeInvis .     - Unarmed
rCold    . . .     Gourm    +   (no shield)
rNeg     . . .     Faith    .   a - +0 robe
rPois    .         Spirit   .   (helmet restricted)
rElec    .         Reflect  .   (no cloak)
rCorr    .         Harm     .   (gloves unavailable)
MR       .....                  (boots unavailable)
Stlth    +.........             (no amulet)
Regen    0.6/turn               c - -2 ring of dexterity (curse)
MPRegen  0.1/turn               (no ring)

@: confused
A: unfitting armour, claws 3, fast metabolism 3, gourmand, regeneration 1,
shaggy fur 1, tough skin 2
a: no special abilities


You were on level 3 of the Dungeon.
You were not hungry.

You visited 1 branch of the dungeon, and saw 3 of its levels.

You collected 11 gold pieces.

Inventory:

Armour
 a - a +0 robe (worn)
Jewellery
 c - a cursed -2 ring of dexterity (left claw)
Scrolls
 d - a scroll of remove curse {unknown}
 e - a scroll of noise {unknown}
 f - a scroll of recharging {unknown}
Comestibles
 b - 2 bread rations
 g - 3 chunks of flesh


   Skills:
 - Level 2.4 Fighting
 - Level 2.4 Dodging
 - Level 1.0 Stealth
 + Level 5.0 Unarmed Combat


You had 3 spell levels left.
You didn't know any spells.

Dungeon Overview and Level Annotations

Branches:
Dungeon (3/15)

Altars:

Annotations:
D:3 Jessica, Sigmund


Innate Abilities, Weirdness & Mutations

You are too large for most types of armour.
You have claws for hands.
Your metabolism is lightning-fast.
You like to eat raw meat.
Your natural rate of healing is unusually fast.
You are covered in fur. (AC +1)
You have very tough skin. (AC +2)


Message History

You're too confused!
You bump into the rock wall.
Something hits you but does no damage. Jessica hits you with a club.
* * * LOW HITPOINT WARNING * * *
Unknown command.
You barely miss something. Jessica hits you but does no damage.
You hear some strange, mumbled words.
A magic dart appears from out of thin air!
The magic dart hits you!
* * * LOW HITPOINT WARNING * * *
Jessica barely misses you.
You take 9 damage, and have 11/44 hp.
MASSIVE DAMAGE!!
You closely miss something. Jessica closely misses you. Something hits you!
* * * LOW HITPOINT WARNING * * *
You take 10 damage, and have 1/44 hp.
MASSIVE DAMAGE!!
Unknown command.
Jessica casts a spell.
Jessica blinks!
You're too confused to move!
Something hits you.
You die...

#. .. #.## ... #....
#.# #...# #..
##...##### #.#
##...$....##.#
.....#####.#.#
.$.###.#####{.####...
#.....<.....@@....#
#............#.####
#..........###..[
#.......$...# <...
#............# .....
............... ...#
..############## ...#
##


You could see Jessica.

Vanquished Creatures
  An orc priest (D:2)
  An orc wizard (D:2)
  An adder (D:2)
  An adder zombie (D:3)
  2 orcs (D:2)
  A bat (D:1)
  A giant cockroach (D:3)
  A hobgoblin (D:2)
  A goblin (D:2)
  A rat (D:1)
11 creatures vanquished.

Notes
Turn   | Place    | Note
-------+----------+-------------------------------------------
     0 | D:1      | VajrapaniSR the Troll Monk began the quest for the Orb.
     0 | D:1      | Reached XP level 1. HP: 22/22 MP: 0/0
   162 | D:3      | Noticed Sigmund
   162 | D:3      | Noticed Jessica
   162 | D:3      | Noticed an orc priest
   162 | D:3      | Noticed an orc wizard
   171 | D:2      | Killed an orc priest
   171 | D:2      | Reached skill level 4 in Unarmed Combat
   171 | D:2      | Reached XP level 2. HP: 10/29 MP: 1/1
   171 | D:2      | Reached XP level 3. HP: 12/36 MP: 2/2
   219 | D:2      | Reached XP level 4. HP: 25/44 MP: 3/3
   220 | D:2      | Reached skill level 5 in Unarmed Combat
   270 | D:3      | HP: 1/44 [something (11)]
   272 | D:3      | Slain by Sigmund

Skill      XL: |  1  2  3  4 |
---------------+-------------+-----
Unarmed Combat | 4 5 |  5.0
Fighting       | |  2.4
Dodging        | |  2.4
Stealth        | |  1.0

Action                   |  1- 3 |  4- 6 || total
-------------------------+-------+-------++-------
Melee: Unarmed           |    20 |     6 ||    26
Armor: Robe              |    11 |     4 ||    15
Dodge: Dodged            |    17 |     5 ||    22
